 Dungeon Crawl Stone Soup version 0.31.0 (webtiles) character file.

Game seed: 11782267089644085702

1874290 Armakuni the Demon Slayer (level 27, 214/214 HPs)
             Began as a Human Monk on Jan 20, 2024.
             Was a High Priest of the Shining One.
             Escaped with the Orb
             ... and 3 runes!
             The game lasted 04:08:57 (56046 turns).

Armakuni the Demon Slayer (Human Monk)             Turns: 56046, Time: 04:08:57

Health: 214/214    AC: 30    Str: 14    XL:     27
Magic:  36/36      EV: 22    Int: 15    God:    the Shining One [*****.]
Gold:   6839       SH: 22    Dex: 34    Spells: 20/34 levels left

rFire   + + +        a - +9 double sword (holy)
rCold   + + .        h - +5 kite shield {reflect}
rNeg    + + +        Y - +3 pearl dragon scales "Fadwisch" {rPois rF++ rN+ Regen+ Int+2}
rPois   +            F - +0 helmet of Beogh's Favour {Dex+7}
rElec   +            T - +2 cloak {Will+}
rCorr   .            Z - +2 pair of gloves of Rucocz Waki {rElec rPois rF+ rC+}
SInv    .            z - +0 pair of boots
Will    ++++.        R - amulet "Semol" {^Fragile rF++ rC+ Regen+}
Stlth   +            D - ring "Ezazuymn" {rF++ Dex+6}
HPRegen 2.15/turn    W - ring "Gosallis" {rF++ rN+ Will+}
MPRegen 0.25/turn

%: reflection
@: glowing, studying 2 skills
A: explore regen, clumsy 1, low MP 1, screaming 2, weak 1, heat vulnerability 1,
inability to drink after injury 1, inability to read after injury 1
0: Orb of Zot
}: 3/15 runes: serpentine, barnacled, silver
a: Renounce Religion, Divine Shield, Cleansing Flame, Summon Divine Warrior


You escaped.
You worshipped the Shining One.
The Shining One was extremely pleased with you.
You visited 11 branches of the dungeon, and saw 51 of its levels.
You also visited: Bailey and Ice Cave.

You collected 10601 gold pieces.
You spent 3762 gold pieces at shops.

Inventory:

Hand Weapons
 a - a +9 double sword of holy wrath (weapon)
 b - a +2 heavy hand cannon
Armour
 h - a +5 kite shield of reflection (worn)
 z - a +0 pair of boots (worn)
 E - the +18 shield of the Gong {Loud rN+ Will+ rCorr EV-5}
   (You found it on level 2 of the Vaults)

   Loud:      It is deafeningly noisy when blocking attacks.
   EV-5:      It affects your evasion (-5).
   rN+:       It protects you from negative energy.
   Will+:     It increases your willpower.
   rCorr:     It protects you from acid and corrosion.
 F - the +0 helmet of Beogh's Favour (worn) {Dex+7}
   (You found it on level 3 of the Snake Pit)

   Dex+7:     It affects your dexterity (+7).
 P - a +0 cloak of preservation
 T - a +2 cloak of willpower (worn)
 Y - the +3 pearl dragon scales "Fadwisch" (worn) {rPois rF++ rN+ Regen+ Int+2}
   (You found it on level 3 of the Crypt)

   Int+2:     It affects your intelligence (+2).
   rF++:      It greatly protects you from fire.
   rPois:     It protects you from poison rN+: It protects you from negative
   energy.
   Regen+:    It increases your rate of health regeneration.
 Z - the +2 pair of gloves of Rucocz Waki (worn) {rElec rPois rF+ rC+}
   (You found it on level 3 of the Vaults)

   rF+:       It protects you from fire.
   rC+:       It protects you from cold.
   rElec:     It insulates you from electricity.
   rPois:     It protects you from poison
Jewellery
 D - the ring "Ezazuymn" (left hand) {rF++ Dex+6}
   (You found it on level 3 of the Crypt)

   [ring of dexterity]

   Dex+6:     It affects your dexterity (+6).
   rF++:      It greatly protects you from fire.
 K - a ring of resist corrosion
 R - the amulet "Semol" (around neck) {^Fragile rF++ rC+ Regen+}
   (You acquired it on level 4 of the Dungeon)

   [amulet of regeneration]

   rF++:      It greatly protects you from fire.
   rC+:       It protects you from cold.
   Regen+:    It increases your rate of health regeneration.
   ^Fragile:  It will be destroyed if unequipped.
 W - the ring "Gosallis" (right hand) {rF++ rN+ Will+}
   (You took it off a tengu reaver on level 5 of the Vaults)

   [ring of willpower]

   rF++:      It greatly protects you from fire.
   rN+:       It protects you from negative energy.
   Will+:     It increases your willpower.
Wands
 k - a wand of digging (16)
 p - a wand of paralysis (38)
 r - a wand of roots (65)
 s - a wand of quicksilver (4)
 v - a wand of flame (63) (quivered)
Scrolls
 d - 23 scrolls of identify
 f - 6 scrolls of silence
 g - 5 scrolls of fear
 q - 9 scrolls of noise
 u - a scroll of revelation
 x - 6 scrolls of butterflies
 B - 14 scrolls of amnesia
 G - 11 scrolls of immolation
 H - 2 scrolls of poison
 I - 8 scrolls of vulnerability
 J - 6 scrolls of blinking
 M - 3 scrolls of fog
 O - 27 scrolls of teleportation
Potions
 i - 10 potions of haste
 n - 6 potions of lignification
 o - 13 potions of curing
 t - 10 potions of enlightenment
 w - 5 potions of magic
 A - 5 potions of might
 N - 2 potions of resistance
 S - 2 potions of cancellation
 U - 6 potions of heal wounds
 V - 3 potions of ambrosia
 X - 3 potions of mutation
Miscellaneous
 c - a condenser vane
 l - a phial of floods
 m - a phantom mirror


   Skills:
 + Level 17.0 Fighting
 O Level 27 Long Blades
 - Level 21.0 Ranged Weapons
 - Level 14.3 Armour
 - Level 14.0 Dodging
 - Level 15.0 Shields
 - Level 4.0 Spellcasting
 - Level 10.0 Translocations
 O Level 27 Invocations
 - Level 5.0 Evocations


You had 20 spell levels left.
You knew the following spells:

 Your Spells              Type           Power      Damage    Failure   Level
a - Apportation           Tloc           66%        N/A       1%          1
b - Blink                 Tloc           66%        N/A       2%          2
k - Call Canine Familiar  Summ           3%         N/A       98%         3
p - Dimensional Bullseye  Hex/Tloc       9%         N/A       82%         4
v - Vhi's Electric Charg  Tloc/Air       36%        N/A       82%         4

Your spell library contained the following spells:

 Spells                   Type           Power      Damage    Failure   Level
 Gell's Gravitas          Tloc           33%        N/A       5%          3
 Teleport Other           Tloc           33%        N/A       5%          3
 Passage of Golubria      Tloc           33%        N/A       19%         4
 Volatile Blastmotes      Fire/Tloc      36%        2d13      41%         3
 Foxfire                  Conj/Fire      12%        2x1d4     75%         1
 Freeze                   Ice            12%        1d3       75%         1
 Magic Dart               Conj           12%        1d3       75%         1
 Necrotise                Necr           12%        1d4       75%         1
 Slow                     Hex            12%        N/A       75%         1
 Sting                    Conj/Alch      12%        1d3       75%         1
 Summon Small Mammal      Summ           12%        N/A       75%         1
 Iskenderun's Mystic Bla  Conj/Tloc      18%        2d6       82%         4
 Call Imp                 Summ           6%         N/A       86%         2
 Cigotuvi's Dreadful Rot  Necr/Alch/Air  6%         N/A       86%         2
 Ensorcelled Hibernation  Hex/Ice        6%         N/A       86%         2
 Jinxbite                 Hex            6%         N/A       86%         2
 Mercury Vapours          Alch/Air       6%         N/A       86%         2
 Scorch                   Fire           6%         2d5       86%         2
 Sublimation of Blood     Necr           3%         N/A       86%         2
 Dispersal                Tloc           16%        N/A       96%         6
 Confusing Touch          Hex            3%         N/A       98%         3
 Dazzling Flash           Conj/Hex       6%         N/A       98%         3
 Frozen Ramparts          Ice            6%         1d1       98%         3
 Fugue of the Fallen      Necr           3%         N/A       98%         3
 Hailstorm                Conj/Ice       3%         3d5       98%         3
 Inner Flame              Hex/Fire       3%         N/A       98%         3
 Mephitic Cloud           Conj/Alch/Air  3%         N/A       98%         3
 Ozocubu's Armour         Ice            3%         N/A       98%         3
 Passwall                 Erth           3%         N/A       98%         3
 Sigil of Binding         Hex            3%         N/A       98%         3
 Stone Arrow              Conj/Erth      6%         3d7       98%         3
 Summon Ice Beast         Ice/Summ       3%         N/A       98%         3
 Swiftness                Air            3%         N/A       98%         3
 Vampiric Draining        Necr           3%         2d6       98%         3
 Summon Forest            Summ/Tloc      9%         N/A       99%         5
 Anguish                  Hex/Necr       1%         N/A       100%        4
 Animate Armour           Summ/Erth      6%         N/A       100%        4
 Brom's Barrelling Bould  Conj/Erth      3%         2d3       100%        4
 Cause Fear               Hex            1%         N/A       100%        4
 Flame Wave               Conj/Fire      3%         2d5       100%        4
 Ignite Poison            Fire/Alch      3%         N/A       100%        4
 Leda's Liquefaction      Alch/Erth      1%         N/A       100%        4
 Martyr's Knell           Necr/Summ      3%         N/A       100%        4
 Olgreb's Toxic Radiance  Alch           3%         N/A       100%        4
 Petrify                  Alch/Erth      3%         N/A       100%        4
 Sticky Flame             Fire/Alch      3%         2d4       100%        4
 Alistair's Intoxication  Alch           2%         N/A       100%        5
 Arcjolt                  Conj/Air       1%         1d11      100%        5
 Borgnjor's Vile Clutch   Necr/Erth      1%         N/A       100%        5
 Curse of Agony           Necr           3%         N/A       100%        5
 Fireball                 Conj/Fire      1%         3d3       100%        5
 Freezing Cloud           Conj/Ice/Air   1%         6-21      100%        5
 Irradiate                Conj/Alch      1%         3d12      100%        5
 Iskenderun's Battlesphe  Conj           3%         2d6       100%        5
 Lee's Rapid Deconstruct  Erth           1%         3d4*      100%        5
 Metabolic Englaciation   Hex/Ice        1%         N/A       100%        5
 Silence                  Hex/Air        1%         N/A       100%        5
 Summon Mana Viper        Hex/Summ       3%         N/A       100%        5
 Yara's Violent Unravell  Hex/Alch       1%         3d3       100%        5
 Bombard                  Conj/Erth      1%         9d1       100%        6
 Conjure Ball Lightning   Conj/Air       1%         3x3d6     100%        6
 Eringya's Noxious Bog    Alch           1%         4d6       100%        6
 Sculpt Simulacrum        Ice/Alch       1%         N/A       100%        6
 Summon Cactus Giant      Summ           1%         N/A       100%        6
 Enfeeble                 Hex            1%         N/A       100%        7
 Monstrous Menagerie      Summ           1%         N/A       100%        7
 Orb of Destruction       Conj           1%         9d5       100%        7
 Summon Hydra             Summ           1%         N/A       100%        7
 Lehudib's Crystal Spear  Conj/Erth      1%         10d2      100%        8
 Maxwell's Capacitive Co  Air            1%         ∞         100%        8
 Summon Horrible Things   Summ           1%         N/A       100%        8
 Dragon's Call            Summ           1%         N/A       100%        9
 Fire Storm               Conj/Fire      1%         8d1       100%        9
 Polar Vortex             Ice            1%         N/A       100%        9


Dungeon Overview and Level Annotations

Branches:
Dungeon (15/15)            Temple (1/1) D:7            Lair (5/5) D:11
 Shoals (4/4) Lair:3        Snake (4/4) Lair:2        Slime (0/5) Lair:4
    Orc (2/2) D:11            Elf (3/3) Orc:2        Vaults (5/5) D:13
  Crypt (3/3) Vaults:2       Tomb (0/3) Crypt:3      Depths (4/4) D:15
    Zot (5/5) Depths:4     Bailey (visited)           IceCv (visited)

Altars:
Ashenzari
Cheibriados
Dithmenos
Elyvilon
Fedhas
Gozag
Hepliaklqana
Kikubaaqudgha
Makhleb
Nemelex Xobeh
Okawaru
Qazlal
Ru
Sif Muna
Trog
Uskayaw
Vehumet
Wu Jian
Xom
Yredelemnul
Zin
The Shining One
Jiyva
Lugonu

Shops:
D:4 :   D:5 =   D:7 :   D:8 *   D:9 *   Orc:1 (   Orc:2 [*(=   Elf:3 !
Shoals:2 [*   Snake:2 =:=   Snake:3 (   Vaults:1 =   Vaults:2 (   Vaults:4 [

Portals:
Hell: Depths:1 Depths:2 Depths:3 Depths:4
Abyss: Lair:5 Depths:1 Depths:3 Depths:4
Pandemonium: Depths:2
Ziggurat: Depths:1

Annotations:
D:10 2 transporters
Elf:2 3 runed translucent doors, exclusion: 3 doors
Abyss:1 Rupert


Innate Abilities, Weirdness & Mutations

You regain HP and MP as you explore.
You are clumsy. (Dex -2)
Your magical capacity is low. (-10% MP)
You frequently scream uncontrollably at your foes.
You are weak. (Str -2)
You are vulnerable to heat. (rF-)
You occasionally lose the ability to drink potions when taking damage.
You occasionally lose the ability to read scrolls when taking damage.


Message History

Your divine shield fades away.
There is an escape hatch in the ceiling here.
A mysterious force pulls you upwards. The hatch slams shut behind you.
There is a stone staircase leading up, spattered with blood here.
You climb upwards.
There is a stone staircase leading down, spattered with blood here.
There is a stone staircase leading up here.
You climb upwards.
There is a stone staircase leading down here.
A balrug and 3 sun demons come into view.
The balrug is wielding a +3 demon whip of electrocution.
You can't go up here!
The sun demon shouts! x3
The balrug moves out of view.
The balrug gestures at you.
The fireball explodes!
The fireball engulfs you. You resist. The balrug gestures at you.
Something smites you!
There is an escape hatch in the ceiling here.
A mysterious force pulls you upwards. The hatch slams shut behind you.
HP restored.
There is a stone staircase leading up here.
You climb upwards.
There is a stone staircase leading down here.
You see here a +0 leather armour.
There is a stone staircase leading up here.
You climb upwards.
There is a stone staircase leading down here.
You see here a +0 dagger.
There is a stone staircase leading up, spattered with blood here.
Items here: )))))))).
You climb upwards.
There is a stone staircase leading down here.
There is a stone staircase leading up here.
You climb upwards.
There is a stone staircase leading down here.
You see here a +0 dagger.
An orange demon comes into view.
There is a staircase leading out of the dungeon here.
You have escaped!

#.#.##........#...#.......#.....#
#.#.##.).#######.#######..#......
..#......# ##.......## #..#......
..####...###.........###..####...
.........##...........##..# #...
#.####...#.............#..## #...
#.# ##..##.............##..###...
..###..#.#.............#.#..##...
..##..#.........@.........#..#...
..###..#.#..4..........#.#..##...
..# ##..##.............##..###...
..# ##...#.............#.........
..# #....##...........##.........
..###.#..###.........###.........
#...#....# ##.......## #.........
......#..#######.#######.....##..
.....##.......#...#........#.##..


You could see an orange demon.

Vanquished Creatures
  2 pandemonium lords
  An ancient lich (Crypt:3)
  2 dread liches (Zot:5)
  4 orbs of fire
  Mennas (Crypt:1)
  A juggernaut (Depths:4)
  Boris (twice) (Vaults:4 Vaults:5)
  Sojobo (Crypt:1)
  Margery (Vaults:3)
  2 Killer Klowns (Zot:5)
  Bai Suzhen (Crypt:3)
  3 curse toes
  2 caustic shrikes
  A profane servitor (D:14)
  8 golden dragons
  A bone dragon (Depths:4)
  3 electric golems
  2 doom hounds (Zot:1)
  12 tentacled monstrosities
  Jorgrun (Orc:1)
  7 liches
  20 Orb Guardians
  11 titans
  2 deep elf blademasters (Elf:3)
  A Hell Sentinel (Zot:2)
  2 walking crystal tomes
  A searing wretch (Vaults:3)
  Grunn (Zot:1)
  6 sphinxes
  5 quicksilver dragons
  2 walking frostbound tomes
  2 deep elf master archers (Elf:3)
  An Executioner (Zot:2)
  5 death cobs
  A kraken (Shoals:2)
  11 ancient champions
  15 tengu reavers
  7 shadow dragons
  5 revenants
  12 storm dragons
  7 protean progenitors
  A draconian knight (Zot:1)
  13 nagarajas
  5 draconian monks
  8 deep elf sorcerers
  7 fire giants
  3 draconian scorchers
  5 draconian shifters
  15 vault wardens
  A balrug (Depths:1)
  An iron dragon (Vaults:5)
  15 frost giants
  Louise (D:15)
  3 formless jellyfish
  4 ghost moths
  2 orc warlords
  An angel (Shoals:4)
  6 deep elf elementalists (Elf:3)
  A ghoul (Crypt:3)
  15 ironbound preservers
  2 curse skulls
  8 ironbound thunderhulks
  2 reapers
  16 very ugly things
  5 caustic shrike skeletons (Crypt:3)
  3 juggernaut skeletons
  4 green draconians
  2 draconian annihilators (Zot:3)
  23 stone giants
  15 vampire knights
  Nessos (Lair:3)
  12 deep elf death magi
  3 black draconians
  4 deep elf demonologists (Elf:3)
  2 minotaurs (Zot:5)
  5 dire elephants (Vaults:1)
  A lorocyproca (Depths:2)
  13 deep elf annihilators
  9 purple draconians
  7 white draconians
  10 spark wasps
  4 red draconians
  5 war gargoyles
  The ghost of Farlane the Protected, a journeyman HOMo of Beogh (D:12)
  5 yellow draconians
  8 merfolk javelineers
  A blizzard demon (Depths:4)
  2 crystal guardians
  13 ettins
  3 eidola
  16 yaktaur captains
  4 deep elf high priests
  2 spriggan zombies
  10 merfolk impalers
  18 slime creatures
  6 entropy weavers
  Josephine (D:15)
  6 fire dragons
  7 great orbs of eyes
  14 jiangshi
  2 peacekeepers
  2 salamander tyrants (Snake:4)
  27 vault guards
  10 ice dragons
  7 spriggan air magi
  Erolcha (Orc:1)
  3 hydras
  Fannar (Lair:3)
  13 ironbound frosthearts
  5 rakshasas
  9 anacondas
  2 radroaches (Zot:1)
  A bennu zombie (Crypt:1)
  28 centaur warriors
  4 ogre magi
  A death knight (Crypt:1)
  A catoblepas (Shoals:3)
  6 two-headed ogres
  A spriggan skeleton (Crypt:3)
  A two-headed ogre (shapeshifter) (Vaults:3)
  20 dancing weapons
  6 boulder beetles
  A merfolk avatar (Shoals:1)
  9 merfolk aquamancers
  6 deep troll earth magi
  7 naga sharpshooters
  18 naga warriors
  9 tengu warriors
  8 vampire magi
  7 deep troll shamans
  19 death yaks
  A shock serpent (shapeshifter) (Vaults:5)
  32 hell knights
  5 spriggan berserkers
  12 shock serpents
  2 occultists
  4 thrashing horrors (Lair:5)
  3 soul eaters
  5 titan skeletons
  3 orc high priests
  A sun demon (Depths:3)
  29 skeletal warriors
  4 iron trolls
  5 skysharks
  8 deep elf knights
  2 shadow wraiths
  2 sixfirhies
  42 deep trolls
  A bunyip zombie (Crypt:2)
  5 cherubim
  A salamander mystic (Snake:2)
  A ghost moth zombie (Crypt:2)
  10 sea snakes
  6 glowing orange brains
  6 flayed ghosts
  7 naga ritualists
  A storm dragon skeleton (Crypt:1)
  30 ironbound convokers
  A swamp dragon (shapeshifter) (Vaults:2)
  5 arcanists
  13 deep elf archers
  A snapping turtle (shapeshifter) (Depths:2)
  9 phantasmal warriors
  2 golden dragon skeletons
  18 mana vipers
  A lindwurm (shapeshifter) (Vaults:5)
  A steelbarb worm (shapeshifter) (Depths:2)
  Pikel (D:7)
  8 harpies
  A shadow demon (Depths:4)
  An iron giant skeleton (Crypt:3)
  A fenstrider witch simulacrum (Crypt:1)
  4 tengu zombies
  12 lindwurms
  13 necromancers
  24 deep elf pyromancers
  A frost giant zombie (Vaults:3)
  39 ugly things
  7 orc knights
  14 salamanders
  2 fauns (shapeshifter)
  19 deep elf zephyrmancers
  10 manticores
  An oklob plant (Lair:5)
  10 cyclopes
  A stone giant zombie (Crypt:1)
  A shadow dragon skeleton (Crypt:3)
  An alligator skeleton (Crypt:3)
  2 shining eyes (shapeshifter) (Vaults:3)
  An iron dragon zombie (Crypt:1)
  2 large abominations
  A faun (Shoals:1)
  3 orc sorcerers (Orc:2)
  2 wolf spiders (shapeshifter)
  4 elephants (Lair:4)
  3 kobold blastminers
  4 meliai
  16 moths of wrath
  A meliai (shapeshifter) (D:15)
  2 rust devils
  An eleionoma skeleton (Crypt:2)
  An ice statue (IceCv)
  6 water nymphs
  4 merfolk sirens
  2 stone giant skeletons (Vaults:2)
  10 guardian serpents
  21 naga magi
  An eye of devastation (shapeshifter) (Vaults:5)
  47 black mambas
  23 vault sentinels
  An orange demon (Zot:5)
  14 cane toads
  A torpor snail (Lair:4)
  2 fire giant skeletons (Vaults:2)
  An unseen horror (shapeshifter) (Elf:1)
  2 yaktaur zombies
  4 smoke demons
  A black draconian zombie (Crypt:1)
  4 centaur skeletons (D:13)
  Jeremiah (D:7)
  2 rime drakes
  A freezing wraith (Vaults:5)
  2 dire elephant skeletons
  The ghost of dorian the Insei, a novice OpSh (D:5)
  2 kobold demonologists (D:13)
  3 hellions
  41 yaktaurs
  A tormentor (Zot:3)
  7 komodo dragons
  5 guardian mummies (Crypt:3)
  5 trolls
  5 tengu conjurers
  25 merfolk
  A red draconian skeleton (Crypt:2)
  6 wind drakes
  4 hornets
  2 hellwings
  10 polar bears
  Prince Ribbit (D:7)
  3 dream sheep (Shoals:4)
  A moth of wrath zombie (Crypt:2)
  21 blink frogs
  4 harpy skeletons
  2 raiju (Lair:5)
  A frost giant simulacrum (Vaults:2)
  11 snapping turtles
  A glass eye (shapeshifter) (D:15)
  6 spriggans
  21 water elementals
  7 air elementals
  5 ynoxinuls
  A shadow (D:11)
  6 wyverns
  A vampire (D:8)
  A yak (shapeshifter) (Lair:5)
  3 ettin skeletons
  5 basilisks
  A tyrant leech zombie (Crypt:1)
  5 wargs
  2 fire elementals
  11 wraiths
  69 yaks
  A wind drake skeleton (Crypt:3)
  4 steam dragons
  A redback (Vaults:2)
  9 vampire mosquitoes
  3 elf skeletons
  33 nagas
  2 chaos spawn
  A fire bat zombie (Crypt:3)
  A human zombie (Vaults:2)
  2 ogre skeletons (Vaults:2)
  14 water moccasins
  2 black bears
  2 glowing shapeshifter skeletons
  3 naga skeletons (Crypt:3)
  A sky beast (D:7)
  6 laughing skulls
  A snapping turtle zombie (Crypt:3)
  39 orc warriors
  An ice beast (D:7)
  6 ogres
  An ettin simulacrum (Vaults:3)
  A swamp dragon skeleton (Crypt:3)
  4 boggarts
  34 wolves
  8 centaurs
  A lemure (D:7)
  6 kobold brigands
  A cyclops zombie (Crypt:1)
  3 brain worms (Zot:2)
  10 bullfrogs
  3 necrophages (Crypt:3)
  6 earth elementals
  3 scorpions
  5 human skeletons (Vaults:2)
  7 small abominations (Lair:5)
  A hornet simulacrum (D:15)
  A glowing shapeshifter simulacrum (Vaults:1)
  23 wights
  A polar bear zombie (Crypt:3)
  6 electric eels
  A troll skeleton (Crypt:2)
  5 howler monkeys
  2 centaur zombies
  21 orc priests
  A gnoll bouda (D:4)
  2 hounds
  2 jellies
  Jessica (D:14)
  2 iguanas (D:5)
  A scorpion zombie (Crypt:2)
  21 orc wizards
  A brain worm zombie (Crypt:1)
  A deep dwarf zombie (Crypt:1)
  A crocodile skeleton (Crypt:3)
  7 mummies (Crypt:3)
  Robin (D:2)
  A steam dragon zombie (Crypt:2)
  5 adders
  14 gnolls
  A shadow imp (D:4)
  A white imp (D:5)
  2 dart slugs
  A ribbon worm (D:2)
  108 orcs
  6 bats
  9 endoplasms
  5 giant cockroaches
  20 goblins
  10 hobgoblins
  8 jackals (D:1)
  14 kobolds
  2 quokkas
  7 ball pythons
  2 frilled lizards
  A gnoll skeleton (Crypt:1)
  8 rats
  A river rat skeleton (Crypt:2)
  4 aspiring fleshes
  A tentacle (Shoals:2)
2298 creatures vanquished.

Vanquished Creatures (collateral kills)
  Frederick (Vaults:1)
  Saint Roka (Vaults:1)
  An Orb Guardian (Zot:5)
  Asterion (Snake:2)
  A deep elf blademaster (Elf:3)
  Polyphemus (Shoals:3)
  A tengu reaver (Vaults:5)
  A merfolk javelineer (Shoals:4)
  A rust devil (D:12)
  A merfolk (Shoals:4)
  A vampire mosquito (D:13)
  2 orc warriors (Orc:2)
  An orc priest (Orc:2)
  An orc (Orc:2)
  A jackal skeleton (Crypt:1)
16 creatures vanquished.

Vanquished Creatures (others)
  A fire giant (Depths:3)
  A ghost moth (Zot:4)
  A vampire knight (Crypt:1)
  A peacekeeper (Vaults:1)
  A hell knight (Depths:2)
  2 arcanists
  2 deep elf pyromancers
  A deep elf zephyrmancer (Elf:1)
  An ugly thing (Vaults:1)
  A yak (Lair:2)
  3 tentacles (Shoals:2)
15 creatures vanquished.

Grand Total: 2329 creatures vanquished

Notes
Turn   | Place    | Note
-------+----------+-------------------------------------------
     0 | D:1      | Armakuni the Human Monk began the quest for the Orb.
     0 | D:1      | Reached XP level 1. HP: 18/18 MP: 1/1
   138 | D:1      | Reached XP level 2. HP: 24/24 MP: 2/2
   289 | D:1      | Reached XP level 3. HP: 29/29 MP: 3/3
  1179 | D:2      | Reached XP level 4. HP: 35/35 MP: 4/4
  1254 | D:2      | Reached skill level 5 in Long Blades
  1937 | D:3      | Noticed Robin
  1953 | D:2      | Reached XP level 5. HP: 34/41 MP: 5/5
  1992 | D:2      | Killed Robin
  2451 | D:3      | Found the +1 Delatra's gloves {ID++}
  2642 | D:4      | Reached XP level 6. HP: 40/48 MP: 6/6
  2696 | D:4      | Reached skill level 1 in Evocations
  2781 | D:4      | Identified a scroll of acquirement
  2781 | D:4      | Acquired the amulet "Semol" {^Fragile rF++ rC+ Regen+}
  2812 | D:4      | Found a blossoming altar of Fedhas.
  2855 | D:4      | Found Ublanuenk's Book Emporium.
  3223 | D:5      | Entered Level 5 of the Dungeon
  3227 | D:5      | Reached XP level 7. HP: 54/54 MP: 7/7
  3257 | D:5      | Found a sacrificial altar of Ru.
  3266 | D:5      | Found a broken altar of Ashenzari.
  3268 | D:5      | Found a basalt altar of Yredelemnul.
  3268 | D:5      | Found a bloodstained altar of Trog.
  3270 | D:5      | Found a white marble altar of Elyvilon.
  3276 | D:5      | Found a snail-covered altar of Cheibriados.
  3371 | D:5      | Reached skill level 5 in Evocations
  3415 | D:5      | Reached skill level 5 in Fighting
  3416 | D:5      | Found Teupt's Jewellery Boutique.
  3606 | D:5      | Reached skill level 1 in Armour
  3606 | D:5      | Reached XP level 8. HP: 56/62 MP: 8/8
  3695 | D:5      | Found a large runed translucent door.
  3695 | D:5      | Found a large runed translucent door.
  3697 | D:5      | Noticed dorian's ghost (novice OpSh)
  3751 | D:5      | Killed dorian's ghost
  3763 | D:5      | Learned a level 1 spell: Apportation
  3768 | D:5      | Learned a level 4 spell: Dimensional Bullseye
  3887 | D:6      | Reached skill level 5 in Dodging
  4298 | D:7      | Found a staircase to the Ecumenical Temple.
  4307 | Temple   | Entered the Ecumenical Temple
  4419 | D:7      | Noticed Pikel
  4432 | D:7      | Killed Pikel
  4433 | D:7      | Reached XP level 9. HP: 53/68 MP: 9/9
  4740 | Temple   | Became a worshipper of the Shining One
  4740 | Temple   | Reached * piety under the Shining One
  4740 | Temple   | Reached ** piety under the Shining One
  4792 | D:7      | Found Zemaa's Book Shop.
  4912 | D:7      | Noticed Prince Ribbit
  4955 | D:7      | Killed Prince Ribbit
  5134 | D:7      | Noticed Jeremiah
  5193 | D:7      | Killed Jeremiah
  5194 | D:7      | Reached skill level 10 in Long Blades
  5436 | D:7      | Reached skill level 1 in Invocations
  5548 | D:8      | Reached XP level 10. HP: 72/73 MP: 12/12
  5574 | D:8      | Found Nir Rieg's General Store.
  5582 | D:8      | Bought a potion of heal wounds for 60 gold pieces
  5582 | D:8      | Bought a potion of curing for 36 gold pieces
  6168 | D:9      | Found Seuhov's Elemental Accessories.
  6282 | D:9      | Reached *** piety under the Shining One
  6529 | D:10     | Entered Level 10 of the Dungeon
  6530 | D:10     | Found a flagged portal.
  6570 | Bailey   | Entered a bailey
  6698 | Bailey   | Noticed an orc knight
  6718 | Bailey   | Killed an orc knight
  6719 | Bailey   | Reached skill level 5 in Invocations
  6859 | Bailey   | Found a large runed translucent door.
  6859 | Bailey   | Found a large runed translucent door.
  6860 | Bailey   | Noticed a deep elf zephyrmancer
  6947 | Bailey   | Killed a deep elf zephyrmancer
  7075 | D:10     | Paralysed by a hornet for 1 turns
  7283 | D:10     | Found a transporter.
  7285 | D:10     | Noticed an ettin
  7289 | D:10     | Noticed an orc sorcerer
  7290 | D:10     | Found a transporter.
  7494 | D:10     | Reached XP level 11. HP: 72/79 MP: 15/17
  7875 | D:11     | Reached skill level 10 in Invocations
  8213 | D:11     | Found a staircase to the Lair.
  8472 | D:11     | Identified the +9 plate armour of Raiphep {+Blink Slay+3}
  8945 | D:11     | Found a staircase to the Orcish Mines.
  9265 | D:12     | Found a runed translucent gate.
  9265 | D:12     | Found a runed translucent gate.
  9265 | D:12     | Found a runed translucent gate.
  9265 | D:12     | Noticed Farlane's ghost (journeyman HOMo)
  9285 | D:12     | Noticed a white ugly thing
  9638 | D:12     | Noticed a cyclops
  9638 | D:12     | Noticed a deep elf pyromancer
  9652 | D:12     | Killed a cyclops
  9653 | D:12     | Noticed a storm dragon
  9653 | D:12     | Noticed a frost giant
  9688 | Lair:1   | Entered Level 1 of the Lair of Beasts
  9827 | Lair:1   | Reached XP level 12. HP: 92/92 MP: 20/20
 10156 | Lair:1   | Reached **** piety under the Shining One
 10635 | Lair:2   | Noticed a five-headed hydra
 10644 | Lair:2   | Killed a five-headed hydra
 10751 | Lair:2   | Reached skill level 10 in Fighting
 11208 | Lair:2   | Found a staircase to the Snake Pit.
 11229 | Lair:2   | Reached XP level 13. HP: 68/103 MP: 23/23
 11449 | Lair:2   | Reached skill level 15 in Invocations
 12002 | Lair:3   | Noticed Nessos
 12026 | Lair:3   | Killed Nessos
 12117 | Lair:3   | Found a frozen archway.
 12118 | Lair:3   | Noticed an ice dragon
 12152 | Lair:3   | Killed an ice dragon
 12189 | IceCv    | Entered an ice cave
 13206 | IceCv    | Got Vusufer's Handbook of Cryomancy
 13216 | IceCv    | Noticed a frost giant
 13234 | IceCv    | HP: 5/103 [frost giant/+1 battleaxe of freezing (1)]
 13239 | IceCv    | Killed a frost giant
 13307 | IceCv    | Identified the -1 pair of gloves "Xuruh" {Str+3 Int+2}
 13400 | Lair:3   | Found a staircase to the Shoals.
 13400 | Lair:3   | Noticed Fannar
 13418 | Lair:3   | Reached skill level 1 in Shields
 13439 | Lair:3   | Killed Fannar
 13440 | Lair:3   | Reached XP level 14. HP: 103/110 MP: 26/26
 14037 | Lair:4   | Found a staircase to the Slime Pits.
 14037 | Lair:4   | Found a viscous altar of Jiyva.
 14196 | Lair:4   | Learned a level 3 spell: Call Canine Familiar
 14201 | Lair:4   | Learned a level 4 spell: Vhi's Electric Charge
 14750 | Lair:5   | Entered Level 5 of the Lair of Beasts
 15390 | Lair:5   | Reached skill level 10 in Dodging
 15809 | Lair:5   | Reached skill level 5 in Armour
 15907 | Lair:5   | Reached XP level 15. HP: 84/115 MP: 18/27
 15943 | Lair:5   | Found a corrupted altar of Lugonu.
 15943 | Lair:5   | Found a one-way gate to the infinite horrors of the Abyss.
 16475 | Orc:1    | Entered Level 1 of the Orcish Mines
 16571 | Orc:1    | Found Puryc's Antique Weapon Boutique.
 16625 | Orc:1    | Noticed Erolcha
 16634 | Orc:1    | Noticed Jorgrun
 16638 | Orc:1    | Killed Erolcha
 16640 | Orc:1    | Killed Jorgrun
 16757 | Orc:2    | Entered Level 2 of the Orcish Mines
 17038 | Orc:2    | Found a staircase to the Elven Halls.
 17209 | Orc:2    | Noticed an orc warlord
 17236 | Orc:2    | Killed an orc warlord
 17447 | Orc:2    | Reached skill level 15 in Long Blades
 17646 | Orc:2    | Found Boamer's Antique Weapon Boutique.
 17684 | Orc:2    | Found Biolikk's Jewellery Boutique.
 17722 | Orc:2    | Found Qohuzemo's General Store.
 17801 | Orc:2    | Found Iroikkea's Antique Armour Boutique.
 17807 | Orc:2    | Bought a shiny helmet for 187 gold pieces
 17807 | Orc:2    | Bought a heavily runed ring mail for 225 gold pieces
 17807 | Orc:2    | Identified the +0 ring mail of Pride {Str+4} (You bought it
                  | in a shop on level 2 of the Orcish Mines)
 18082 | Orc:1    | Found a shimmering altar of Xom.
 18358 | D:12     | Killed a frost giant
 18383 | D:12     | Noticed a frost giant
 18393 | D:12     | Killed a frost giant
 18879 | D:12     | Killed a storm dragon
 19297 | D:12     | Killed Farlane's ghost
 19303 | D:12     | Got Zoicosi's Vellum of Heat
 19389 | D:13     | Noticed Rupert
 19393 | D:13     | Banished Rupert
 19394 | D:13     | Reached XP level 16. HP: 122/122 MP: 24/28
 19901 | D:13     | Learned a level 2 spell: Blink
 20128 | D:13     | Found a gate to the Vaults.
 20207 | D:13     | Acquired a +0 double sword of electrocution
 20538 | D:14     | Identified the +3 chain mail of Duty {^Drain rPois rF+}
 21060 | D:14     | Reached ***** piety under the Shining One
 21246 | D:14     | Found a sparkling altar of Nemelex Xobeh.
 21246 | D:14     | Noticed Jessica
 21248 | D:14     | Killed Jessica
 21303 | D:15     | Entered Level 15 of the Dungeon
 21340 | D:15     | Noticed Josephine
 21346 | D:15     | Killed Josephine
 21626 | D:15     | Noticed Louise
 21645 | D:15     | Killed Louise
 21817 | D:15     | Found a staircase to the Depths.
 22346 | Depths:1 | Entered Level 1 of the Depths
 22708 | Snake:1  | Entered Level 1 of the Snake Pit
 23211 | Snake:1  | Reached XP level 17. HP: 127/128 MP: 29/29
 23393 | Snake:2  | Noticed Asterion
 23399 | Snake:2  | Killed Asterion
 23719 | Snake:1  | Reached skill level 10 in Armour
 24531 | Snake:2  | Found Voupyg's Jewellery Shop.
 24534 | Snake:2  | Found Nawooguo's Book Shoppe.
 24535 | Snake:2  | Found Duddalus's Jewellery Shop.
 24894 | Snake:3  | Found Bon Laibb's Antique Weapon Emporium.
 25728 | Snake:3  | Found a transporter.
 25777 | Snake:3  | Identified the ring of Raicaf {*Corrode rPois rC+ Int+3
                  | Dex+4}
 25780 | Snake:3  | Found a transporter.
 26274 | Snake:3  | Identified the +0 helmet of Beogh's Favour {Dex+7}
 26324 | Snake:4  | Entered Level 4 of the Snake Pit
 26482 | Snake:4  | Reached XP level 18. HP: 134/134 MP: 30/30
 27323 | Snake:2  | Bought a +6 ring of dexterity for 360 gold pieces
 27389 | Snake:4  | Found a runed translucent gate.
 27389 | Snake:4  | Found a runed translucent gate.
 27389 | Snake:4  | Found a runed translucent gate.
 27903 | Snake:4  | Got a serpentine rune of Zot
 28154 | Snake:4  | Identified the +3 scale mail "Yriarph" {Will+}
 28483 | Shoals:1 | Entered Level 1 of the Shoals
 28727 | Shoals:1 | Reached skill level 5 in Shields
 29082 | Shoals:2 | Found Jytrosch's Armour Shoppe.
 29100 | Shoals:2 | Bought a +0 cloak for 81 gold pieces
 29292 | Shoals:2 | Found Hacwuriq's CLEARANCE SALE!.
 29304 | Shoals:2 | Bought a wand of mindburst (10) for 70 gold pieces
 29434 | Shoals:2 | Reached XP level 19. HP: 109/140 MP: 32/32
 29746 | Shoals:3 | Noticed Polyphemus
 29755 | Shoals:3 | Killed Polyphemus
 30275 | Shoals:4 | Entered Level 4 of the Shoals
 30554 | Shoals:4 | Reached skill level 10 in Shields
 30610 | Shoals:4 | Found a glowing golden altar of the Shining One.
 30687 | Shoals:4 | Got a barnacled rune of Zot
 30730 | Shoals:4 | Identified the staff of Fresh Optimality {rPois rF- Hexes
                  | Necro Alchemy}
 31162 | Shoals:4 | Found a white marble altar of Elyvilon.
 31459 | Shoals:4 | Found a glowing silver altar of Zin.
 31741 | Snake:2  | Bought the ring of Faihaesk {Fly rElec rPois rF- Int+5} for
                  | 705 gold pieces
 31918 | Elf:1    | Entered Level 1 of the Elven Halls
 31924 | Elf:1    | Paralysed by an air elemental for 1 turns
 32529 | Elf:1    | Paralysed by an air elemental for 1 turns
 32536 | Elf:1    | Paralysed by an air elemental for 1 turns
 33264 | Elf:2    | Paralysed by an air elemental for 1 turns
 33356 | Elf:2    | Reached XP level 20. HP: 147/147 MP: 33/33
 33592 | Elf:2    | Found a runed translucent gate.
 33596 | Elf:2    | Found a runed translucent gate.
 33596 | Elf:2    | Found a runed translucent gate.
 33644 | Elf:2    | Found a shimmering blue altar of Sif Muna.
 33762 | Elf:3    | Entered Level 3 of the Elven Halls
 33785 | Elf:3    | Found Vaidysis's Distillery.
 33789 | Elf:3    | Bought a potion of heal wounds for 60 gold pieces
 33789 | Elf:3    | Bought 2 potions of might for 96 gold pieces
 33789 | Elf:3    | Bought a potion of might for 48 gold pieces
 33941 | Elf:3    | Paralysed by an air elemental for 1 turns
 33946 | Elf:3    | Reached skill level 15 in Shields
 34855 | Elf:3    | HP: 3/151 [deep elf high priest/damnation (28)]
 35434 | Elf:3    | Found the +3 greatsling "Punk" {acid, rCorr}
 35437 | Elf:3    | Got the Spellbook of Concussion
 35454 | Elf:3    | Identified the +5 great sword "Xuphoe" {freeze, rPois Will+
                  | rCorr}
 35461 | Elf:3    | Identified the staff of Tumult {rPois rC- Int+7 Summ Earth
                  | Alchemy}
 35984 | D:4      | Bought a manual of Ranged Weapons for 960 gold pieces
 36229 | Vaults:1 | Entered Level 1 of the Vaults
 36265 | Vaults:1 | Reached skill level 1 in Ranged Weapons
 36314 | Vaults:1 | Reached skill level 5 in Ranged Weapons
 36435 | Vaults:1 | Reached XP level 21. HP: 160/165 MP: 34/34
 36562 | Vaults:1 | Found Ydaetuedgh's Jewellery Emporium.
 36904 | Vaults:1 | Reached skill level 10 in Ranged Weapons
 37123 | Vaults:1 | Identified the +3 chain mail "Lutz" {MP+9 Str+2}
 37759 | Vaults:2 | Found Xaexoz's Antique Weapon Shoppe.
 38091 | Vaults:2 | Identified the orb "Zoem Olann" {light, -Cast rElec Str+3}
 38091 | Vaults:2 | Noticed Frederick
 38092 | Vaults:2 | Noticed Saint Roka
 38233 | Vaults:1 | Killed Frederick
 38261 | Vaults:1 | Killed Saint Roka
 38262 | Vaults:1 | Reached skill level 15 in Ranged Weapons
 38529 | Vaults:2 | Found a staircase to the Crypt.
 38603 | Crypt:1  | Entered Level 1 of the Crypt
 38898 | Crypt:1  | Reached XP level 22. HP: 172/172 MP: 35/35
 38967 | Crypt:1  | Found a transporter.
 38978 | Crypt:1  | Found a shimmering blue altar of Sif Muna.
 39012 | Crypt:1  | Reached ****** piety under the Shining One
 39017 | Crypt:1  | Noticed Sojobo
 39052 | Crypt:1  | Killed Sojobo
 39188 | Crypt:1  | Noticed Mennas
 39236 | Crypt:1  | Killed Mennas
 39778 | Crypt:1  | Found a transporter.
 40159 | Crypt:2  | Identified a +8 double sword of holy wrath (a +6 double
                  | sword of electrocution blessed by the Shining One)
 40159 | Crypt:2  | Received a gift from the Shining One
 40421 | Crypt:3  | Entered Level 3 of the Crypt
 40562 | Crypt:3  | Noticed Bai Suzhen
 40596 | Crypt:3  | Killed Bai Suzhen
 40968 | Crypt:3  | Identified the ring "Ezazuymn" {rF++ Dex+6}
 41208 | Crypt:3  | Found a staircase to the Tomb.
 41438 | Crypt:3  | Reached XP level 23. HP: 171/178 MP: 37/37
 41478 | Crypt:3  | Got the Handbook of Apparitions
 41481 | Crypt:3  | Identified the +5 battleaxe "Demonbane" {elec, rPois rN++
                  | Str-2}
 41559 | Crypt:3  | Identified the +1 ring mail of Qolenuh {+Blink Will+ Dex+5}
 41571 | Crypt:3  | Identified the staff "Imigg" {rN+ Summ Necro Tloc}
 41631 | Crypt:3  | Noticed a curse toe
 41635 | Crypt:3  | Killed a curse toe
 41661 | Crypt:3  | Identified the +6 halberd of Idylieg {venom, rC+ rN+++
                  | Int-3 SInv}
 41752 | Crypt:3  | Noticed an ancient lich
 41758 | Crypt:3  | Killed an ancient lich
 41787 | Crypt:3  | Identified the +3 pearl dragon scales "Fadwisch" {rPois
                  | rF++ rN+ Regen+ Int+2}
 42511 | Vaults:2 | Found the +18 shield of the Gong {Loud rN+ Will+ rCorr
                  | EV-5}
 42698 | Vaults:3 | Gained mutation: You occasionally lose the ability to read
                  | scrolls when taking damage. [a shining eye]
 42715 | Vaults:3 | Lost mutation: You occasionally lose the ability to read
                  | scrolls when taking damage. [potion of mutation]
 42715 | Vaults:3 | Gained mutation: You sometimes lose your temper in combat.
                  | [potion of mutation]
 42715 | Vaults:3 | Gained mutation: You occasionally lose the ability to read
                  | scrolls when taking damage. [potion of mutation]
 42716 | Vaults:3 | Lost mutation: You sometimes lose your temper in combat.
                  | [potion of mutation]
 42716 | Vaults:3 | Lost mutation: You occasionally lose the ability to read
                  | scrolls when taking damage. [potion of mutation]
 42716 | Vaults:3 | Gained mutation: You are weak. (Str -2) [potion of
                  | mutation]
 42732 | Vaults:3 | Gained mutation: You occasionally shout uncontrollably at
                  | your foes. [a shining eye]
 42780 | Vaults:3 | Noticed Margery
 42797 | Vaults:3 | Killed Margery
 42926 | Vaults:3 | Identified the +0 leather armour of Beauty {Will+ Str-2
                  | Dex+3}
 43886 | Vaults:3 | Identified the +2 pair of gloves of Rucocz Waki {rElec
                  | rPois rF+ rC+}
 44241 | Vaults:4 | Found Leaxail's Antique Armour Shoppe.
 44262 | Vaults:4 | Bought a faintly humming plate armour for 784 gold pieces
 44262 | Vaults:4 | Identified the +3 plate armour "Axaco" {rElec} (You bought
                  | it in a shop on level 4 of the Vaults)
 44365 | Vaults:4 | Noticed Boris
 44371 | Vaults:4 | Killed Boris
 44372 | Vaults:4 | Reached XP level 24. HP: 180/185 MP: 35/38
 45094 | Vaults:5 | Entered Level 5 of the Vaults
 45371 | Vaults:5 | Identified the ring of Zoipnok {Ice rPois MP+9 Int-2
                  | Stlth-}
 45873 | Vaults:5 | Identified the ring "Gosallis" {rF++ rN+ Will+}
 45897 | Vaults:5 | Identified the +7 short sword of the Iron City of Dis
                  | {heavy, rPois Will+}
 45917 | Vaults:5 | Identified the +0 helmet of the Moon {rElec}
 46022 | Vaults:5 | Noticed Boris
 46034 | Vaults:5 | Killed Boris
 46042 | Vaults:5 | Got Otidiug's Disquisition on Hypothermia
 46109 | Vaults:5 | Reached XP level 25. HP: 191/191 MP: 39/39
 46488 | Vaults:5 | Got a silver rune of Zot
 46513 | Vaults:5 | Identified the ring "Komoabeq" {rC+ rN+ MP-9 Dex+3}
 47131 | Depths:1 | Found Zin's Purification Station.
 47132 | Depths:1 | Found a glowing silver altar of Zin.
 47137 | Depths:1 | Bought a potion of curing for 90 gold pieces
 47147 | Depths:1 | Found a one-way gateway to a ziggurat.
 47616 | Depths:1 | Reached skill level 27 in Invocations
 47838 | Depths:1 | Identified the amulet of Aqahown {Spirit +Inv rF- Dex+4}
 47896 | Depths:1 | Identified the +2 ring mail of Diaruokk {*Slow rN+ Regen+}
 48333 | Depths:1 | Found a gateway to Hell.
 48340 | Depths:1 | Identified the +0 chain mail of the Pleiades {rCorr Str-4
                  | Int+4 SInv}
 48742 | Depths:2 | Found a shimmering blue altar of Sif Muna.
 48871 | Depths:2 | Found a one-way gate leading to the halls of Pandemonium.
 49797 | Depths:2 | Reached XP level 26. HP: 190/198 MP: 39/40
 49915 | Depths:2 | Identified the +3 chain mail "Techy" {^Drain rPois Dex+3}
 49939 | Depths:2 | You fall into a shaft and drop 2 floors!
 49939 | Depths:4 | Entered Level 4 of the Depths
 49939 | Depths:4 | Found an ornate altar of the Wu Jian Council.
 51296 | Depths:4 | Noticed a juggernaut
 51297 | Depths:4 | Found a corrupted altar of Lugonu.
 51312 | Depths:4 | Killed a juggernaut
 51635 | Depths:4 | Found a gate to the Realm of Zot.
 51920 | Zot:1    | Entered Level 1 of the Realm of Zot
 52134 | Zot:1    | Noticed Grunn
 52158 | Zot:1    | Killed Grunn
 53089 | Zot:2    | Reached XP level 27. HP: 163/204 MP: 3/40
 53700 | Zot:3    | Reached skill level 27 in Long Blades
 53899 | Zot:3    | Noticed an orb of fire
 53911 | Zot:3    | Gained mutation: Your magical capacity is low. (-10% MP)
                  | [an orb of fire]
 53920 | Zot:3    | Killed an orb of fire
 54187 | Zot:4    | Reached skill level 15 in Fighting
 54225 | Zot:5    | Entered Level 5 of the Realm of Zot
 54859 | Zot:5    | Reached skill level 1 in Spellcasting
 54859 | Zot:5    | Reached skill level 1 in Translocations
 54897 | Zot:5    | Noticed a dread lich
 54917 | Zot:5    | Killed a dread lich
 54950 | Zot:5    | Noticed an orb of fire
 54950 | Zot:5    | Gained mutation: You occasionally lose the ability to drink
                  | potions when taking damage. [an orb of fire]
 54966 | Zot:5    | Gained mutation: You frequently scream uncontrollably at
                  | your foes. [an orb of fire]
 54967 | Zot:5    | Killed an orb of fire
 55062 | Zot:5    | Noticed an orb of fire
 55065 | Zot:5    | Gained mutation: You occasionally lose the ability to read
                  | scrolls when taking damage. [an orb of fire]
 55074 | Zot:5    | Gained mutation: You are clumsy. (Dex -2) [an orb of fire]
 55078 | Zot:5    | Gained mutation: You are vulnerable to heat. (rF-) [an orb
                  | of fire]
 55079 | Zot:5    | Killed an orb of fire
 55080 | Zot:5    | Reached skill level 5 in Translocations
 55134 | Zot:5    | Noticed a dread lich
 55141 | Zot:5    | Noticed an orb of fire
 55142 | Zot:5    | Killed a dread lich
 55154 | Zot:5    | Killed an orb of fire
 55266 | Zot:5    | Got the Orb of Zot
 55278 | Zot:5    | Noticed Biuzxo the pandemonium lord
 55290 | Zot:5    | Killed Biuzxo the pandemonium lord
 55406 | Zot:3    | Noticed Pidd the pandemonium lord
 55503 | Zot:1    | Noticed Hemafom the pandemonium lord
 55755 | D:14     | Reached skill level 10 in Translocations
 55855 | D:12     | Noticed Jitoqub the pandemonium lord
 55864 | D:12     | Killed Jitoqub the pandemonium lord
 55903 | D:11     | Noticed Urotoagali the pandemonium lord
 56046 | D:$      | Escaped with the Orb!

Illustrated notes

Levels and vault maps discovered:
D:1:      psy_arrival_dodecagon, layout_basic,
          nicolae_concentric_dashed_squares_mild
D:2:      kennysheep_six_static_rooms, layout_loops_cross, skrybe_limestone_x,
          kennysheep_cross_bottleneck
D:3:      layout_basic, minmay_misc_feat_columns, uniq_robin
D:4:      layout_cave_pools, mainiacjoe_overflow_24_doors, serial_shops,
          nicolae_shop_just_a_little_nook, minmay_unequal
D:5:      layout_rooms, grunt_temple_overflow_open, serial_shops,
          nicolae_shop_tiny_glass, ebering_ghost_disaster_area,
          nicolae_underground_beach
D:6:      layout_basic, nrook_loot_triangle
D:7:      layout_cave_pools, minmay_temple_entry_slanted, serial_shops, shop,
          serial_co_window_serial, co_window_paths_b,
          co_window_of_opportunity_a, co_window_corner_a, co_window_paths_a,
          co_window_paths_a, co_window_corner_cb, co_window_2corner,
          co_window_2corner, co_window_broadway_b, co_window_of_opportunity_c,
          co_window_2corner, glass_columns_c, glass_columns_c, uniq_jeremiah,
          uniq_prince_ribbit1, uniq_pikel
D:8:      layout_rooms, serial_shops, shop
D:9:      layout_big_octagon, nicolae_elemental_shop, minivault_5
D:10:     gammafunk_beogh_shrine, layout_loops_ring, enter_bailey_3
D:11:     layout_basic, erik_lair_island, david_orc_5, special_room
          [special_room_orc]
D:12:     minmay_bad_star, layout_gridville, ebering_ghost_rock_garden
D:13:     layout_irregular_city, hangedman_vaults_entry_quadrant_bands,
          uniq_rupert
D:14:     layout_irregular_city, nemelex_lonely_heart_becter
D:15:     hellmonk_depths_entry_around_the_bend, layout_stronghold,
          minmay_misc_feat_iff, uniq_josephine, uniq_louise
Temple:   hellmonk_temple_of_storms
Lair:1:   layout_roguey, chequers_serial_rivers_large_b, guppyfry_lair_drakes
Lair:2:   wad_woods_tower, layout_long_grid, guppyfry_snake_entry_garden,
          chequers_serial_rivers_micro_c, st_stairs_7,
          chequers_serial_rivers_small_b, infiniplex_staircase_pool
Lair:3:   layout_loops_ring, minmay_shoals_entry_beasts,
          portal_ice_cave_entry_animals_and_master, uniq_fannar, uniq_nessos
Lair:4:   layout_misc_corridors, slime_entry_1
Lair:5:   hellmonk_lair_end_abyssal_woods, layout_small_grid, lemuel_fruit_tree
Shoals:1: layout_shoals, hangedman_shoals_cup_caves
Shoals:2: layout_shoals, serial_shops, nicolae_shop_mannequins,
          nicolae_shop_clearance
Shoals:3: layout_shoals, uniq_polyphemus
Shoals:4: shoals_end_hellmonk_holy_island
Snake:1:  layout_onion
Snake:2:  layout_grid_shapes, serial_bayou_shore_a, grunt_megastairs_4,
          minmay_shop_grove, uniq_asterion
Snake:3:  gammafunk_the_bubble [the_bubble_gammafunk_plus_minus],
          layout_misc_corridors, serial_shops, shop,
          serial_library_hellmonk_hallway_b, grunt_ministairs_12
Snake:4:  grunt_snake_rune_spirals, layout_concentric_octagons,
          nicolae_snake_horde_hoard
Orc:1:    layout_diamond_mine, serial_shops, shop, basic_altar, uniq_jorgrun,
          uniq_erolcha
Orc:2:    grunt_orc_cross, layout_diamond_mine, special_room, basic_altar
Elf:1:    minmay_elf_arrival_summoners, layout_geoelf_grid, evilmike_minifort,
          grunt_megastairs_3
Elf:2:    nicolae_elf_blades_crystal_corner, layout_rooms, basic_altar,
          uniq_nikola
Elf:3:    nooodl_elf_gasket, layout_geoelf_castle, serial_shops,
          nicolae_shop_stone, serial_sigils, serial_sigils_hangedman_writhe,
          serial_sigils_hangedman_quiver, serial_sigils_hangedman_scratch
Vaults:1: nicolae_whirlpool, v_alt_pattern_2, vaults_room_semicircle,
          nicolae_vaults_heart-shaped_vault, nicolae_vaults_mini_display_case,
          v_pattern_3, v_misc_33, hangedman_vaults_nails,
          nicolae_vaults_double_plus_3, vaults_dpeg_ring, layout_vaults_omnibox,
          serial_shops, nicolae_shop_stone
Vaults:2: v_misc_23, minmay_crypt_entry_skeletal_spiral,
          vaults_standard_mumra_lines, v_misc_19, nicolae_vaults_six-pack,
          vaults_mumra_chevron, nicolae_vaults_diagonal_hallway_7,
          ontoclasm_vaults_twist, v_misc_8, nicolae_vaults_triangles,
          nicolae_vaults_stepped_doors, hellmonk_guarded_unrand_gong,
          nicolae_vaults_diamond_1, nicolae_vaults_alarming,
          nicolae_vaults_more_shelving_1, nicolae_vaults_diamond_2,
          layout_vaults_maze_snakey, serial_shops, shop, uniq_saint_roka,
          uniq_frederick
Vaults:3: vaults_standard_mumra_x, hangedman_vaults_maws,
          nicolae_vaults_double_plus_1, nicolae_vaults_oval_intersection,
          nicolae_vaults_little_squares_3, ontoclasm_vaults_misaligned,
          nicolae_vaults_loss_of_containment, hangedman_vaults_restitches,
          vaults_dpeg_emergency_exit, ontoclasm_vaults_spin,
          layout_vaults_quadrants, uniq_margery
Vaults:4: hangedman_vaults_slice, v_misc_31, grunt_vaults_funnel,
          nicolae_vaults_border_crossing, nicolae_vaults_trapezoid_1,
          v_alt_pattern_2, vaults_room_corners, nicolae_vaults_cochlea,
          nicolae_vaults_layer_cake_slice, ontoclasm_vaults_water_temple,
          nicolae_vaults_little_squares_6, nicolae_vaults_tangram_1,
          nicolae_vaults_trapezoid_2, layout_vaults_ring, serial_shops, shop,
          uniq_boris
Vaults:5: serial_shops
Crypt:1:  gammafunk_sealed_library, layout_chaotic_city,
          serial_sigils_hangedman_snap, nicolae_crypt_twisting_catacombs,
          hex_tiny, uniq_sojobo, uniq_mennas
Crypt:2:  layout_misc_corridors
Crypt:3:  due_elkab, layout_chaotic_city, nicolae_tomb_entry_grand_gallery,
          uniq_bai_suzhen
Depths:1: minmay_the_grid_square_5x5_5x5_mashed
          [minmay_the_grid_square_5x5_checkered_statues,
          minmay_the_grid_square_5x5_fancy_junction,
          minmay_the_grid_square_5x5_percent, minmay_the_grid_square_5x5_spiral,
          minmay_the_grid_square_5x5_pentomino_r,
          minmay_the_grid_square_5x5_hourglass,
          minmay_the_grid_square_5x5_prize_waves,
          minmay_the_grid_square_5x5_three,
          minmay_the_grid_square_5x5_prize_junk,
          minmay_the_grid_square_5x5_bridge, minmay_the_grid_square_5x5_dogpile,
          minmay_the_grid_square_5x5_doubleslash,
          minmay_the_grid_square_5x5_prize_gold,
          minmay_the_grid_square_5x5_forky, minmay_the_grid_square_5x5_slash,
          minmay_the_grid_square_5x5_bite,
          minmay_the_grid_square_5x5_prize_rear_guard,
          minmay_the_grid_square_5x5_minivault,
          minmay_the_grid_square_5x5_prize_deathbox,
          minmay_the_grid_square_5x5_corner, minmay_the_grid_square_5x5_inner_v,
          minmay_the_grid_square_5x5_sharp_hourglass,
          minmay_the_grid_square_5x5_checkered_sparse,
          minmay_the_grid_square_5x5_comb,
          minmay_the_grid_square_5x5_two_small], layout_honeycomb,
          enter_ziggurat_d, abyss_entry_small_statue_room,
          hangedman_abyss_or_decor_stagger, lightli_too_deep, zin_purify
Depths:2: lemuel_traditional_vault, layout_honeycomb, patterned_corridor,
          serial_glass, glass_columns_b, glass_columns_b, glass_columns_a,
          glass_columns_c, glass_columns_c, glass_columns_a, hell_entry,
          rand_demon_pan_entry_4, tgw_sif
Depths:3: evilmike_horseshoe, layout_cave_shapes, hellmouth_1, abyss_entry,
          kennysheep_small_spiral, dispersion_dpeg,
          infiniplex_staircase_trident, uniq_josephina
Depths:4: evilmike_zot_entry_hall, layout_basic, hell_entry,
          nzn_wu_jian_contemplation, abyss_entry_flame_altar, nicolae_the_louvre
Zot:1:    layout_gridlike, uniq_grunn
Zot:2:    layout_gridville, basic_altar, hangedman_zot_decor_tridents,
          st_large_dragon_hoard_1
Zot:3:    layout_gridlike, grunt_megastairs_1
Zot:4:    layout_onion_interference, st_stairs_14, regret_index_zotdec_banners
Zot:5:    layout_basic

Skill      XL: |  1  2  3  4  5  6  7  8  9 10 11 12 13 14 15 16 17 18 19 20 21 22 23 24 25 26 27 |
---------------+----------------------------------------------------------------------------------+-----
Long Blades    | 4 5 9 10 12 13 16 19 20 21 26 27 | 27.0
Fighting       | 4 5 7 10 14 17 | 17.0
Evocations     | 3 5 |  5.0
Armour         | 1 3 5 7 8 14 | 14.3
Dodging        | 5 10 12 14 | 14.0
Invocations    | 3 8 11 14 17 18 20 22 25 27 | 27.0
Shields        | 1 4 8 14 15 | 15.0
Ranged Weapons | 6 16 18 21 | 21.0
Spellcasting   | 4 |  4.0
Translocations | 10 | 10.0

Action                     |  1- 3 |  4- 6 |  7- 9 | 10-12 | 13-15 | 16-18 | 19-21 | 22-24 | 25-27 || total
---------------------------+-------+-------+-------+-------+-------+-------+-------+-------+-------++-------
  Melee: Falchion          |     3 |       |       |       |       |       |       |       |       ||     3
         Whip              |    83 |       |       |       |       |       |       |       |       ||    83
         Hand axe          |     6 |    20 |       |       |       |       |       |       |       ||    26
         Mace              |       |   125 |    94 |       |       |       |       |       |       ||   219
         Long sword        |       |       |   156 |   650 |       |       |       |       |       ||   806
         Scimitar          |       |       |       |   338 |  1734 |   168 |       |       |       ||  2240
         Double sword      |       |       |       |       |       |  1170 |  1440 |  1391 |  1651 ||  5652
   Fire: Hand cannon       |       |       |       |       |       |       |    13 |    11 |    28 ||    52
         Greatsling        |       |       |       |       |       |       |     5 |       |       ||     5
  Throw: Boomerang         |     9 |    19 |     7 |       |       |       |       |       |       ||    35
         Dart              |       |       |       |       |       |     4 |       |       |       ||     4
         Throwing net      |       |       |       |       |       |       |     1 |       |       ||     1
   Cast: Apportation       |       |       |       |       |       |       |       |       |     4 ||     4
 Invoke: Divine Shield     |       |       |     1 |     9 |    16 |    11 |    22 |    18 |    21 ||    98
         Cleansing Flame   |       |       |       |     3 |    26 |    27 |    27 |    46 |    65 ||   194
         Summon Divine War |       |       |       |       |       |       |       |     2 |     2 ||     4
         Brand Weapon With |       |       |       |       |       |       |       |     1 |       ||     1
  Evoke: Wand              |       |     3 |     8 |    28 |    20 |    32 |    22 |     7 |    12 ||   132
         Phial of floods   |       |       |       |       |     1 |     1 |     2 |       |       ||     4
         Phantom mirror    |       |       |       |       |     2 |     2 |     3 |       |       ||     7
         Sack of spiders   |       |       |       |       |       |       |     3 |       |       ||     3
         Condenser vane    |       |       |       |       |       |       |     1 |     1 |     1 ||     3
    Use: Scroll            |     3 |     4 |     1 |     8 |    10 |    19 |    13 |     6 |     9 ||    73
         Potion            |       |       |     1 |       |    11 |     4 |     3 |     9 |    12 ||    40
 Armour: Robe              |     6 |       |       |       |       |       |       |       |       ||     6
         Ring mail         |    52 |   103 |   173 |   505 |   711 |   228 |       |       |       ||  1772
         Chain mail        |       |       |       |       |       |   566 |   230 |   245 |       ||  1041
         Scale mail        |       |       |       |       |       |       |   390 |       |       ||   390
         Pearl dragon scal |       |       |       |       |       |       |       |   347 |   787 ||  1134
  Dodge: Dodged            |    52 |   164 |   280 |   705 |  1218 |   884 |   421 |   441 |   641 ||  4806
  Block: Buckler           |       |       |       |       |   481 |   539 |    27 |       |       ||  1047
         Kite shield       |       |       |       |       |       |       |  1355 |  1636 |  1822 ||  4813
         Reflection        |       |       |       |       |       |       |   136 |   132 |    26 ||   294
